 Dungeon Crawl Stone Soup version 0.31-a0-237-g2d982f9f85 (webtiles) character file.

Game seed: 12246231562804372941

81 qw the Shooter (level 4, -1/36 HPs)
             Began as a Minotaur Hexslinger on July 10, 2023.
             Slain by a gnoll
             ... wielding a +0 spear
              (6 damage)
             ... on level 3 of the Dungeon.
             The game lasted 00:00:42 (1834 turns).

qw the Shooter (Minotaur Hexslinger)                Turns: 1834, Time: 00:00:42

Health: -1/36      AC:  3    Str: 13    XL:     4   Next: 20%
Magic:  4/4        EV: 12    Int: 10    God:
Gold:   136        SH:  0    Dex: 14    Spells: 4/5 levels left

rFire   . . .        Y - +2 sling (heavy)
rCold   . . .        (no shield)
rNeg    . . .        d - +0 leather armour
rPois   .            (helmet restricted)
rElec   .            (no cloak)
rCorr   .            (no gloves)
SInv    .            (no boots)
Will    .....        (no amulet)
Stlth   +            (no ring)
HPRegen 0.26/turn    (no ring)
MPRegen 0.09/turn

%: no passive effects
@: about to teleport
A: horns 2, retaliatory headbutt
a: no special abilities


You were on level 3 of the Dungeon.
You visited 1 branch of the dungeon, and saw 3 of its levels.

You collected 136 gold pieces.


Innate Abilities, Weirdness & Mutations

You have a pair of horns on your head.
You reflexively headbutt those who attack you in melee.


   Skills:
 - Level 2.2 Fighting
 + Level 4.6 Ranged Weapons
 - Level 2.1 Dodging
 - Level 1.0 Spellcasting
 - Level 2.0 Hexes


You had 4 spell levels left.
You knew the following spells:

 Your Spells              Type           Power      Damage    Failure   Level
a - Slow                  Hex            16%        N/A       19%         1

Your spell library contained the following spells:

 Spells                   Type           Power      Damage    Failure   Level
 Inner Flame              Hex/Fire       2%         N/A       65%         3
 Portal Projectile        Hex/Tloc       4%         N/A       65%         3
 Cause Fear               Hex            2%         N/A       88%         4

Inventory:

Hand Weapons
 Y - a +2 heavy sling (weapon)
Armour
 d - a +0 leather armour (worn)
Scrolls
 g - a scroll of teleportation
Potions
 c - a potion of degeneration {unknown}
 f - a potion of enlightenment {unknown}
 h - a potion of ambrosia {unknown}
 k - a potion of attraction {unknown}

Dungeon Overview and Level Annotations

Branches:
Dungeon (3/15)

Altars:

Annotations:
D:2 1 runed translucent door, Crazy Yiuf


Message History

You see here a +0 hammer.
You see here a +0 hammer.
There is a stone staircase leading down here.
You climb downwards.
You hear the sound of rushing water.
There is an entrance to a sewer on this level.
Hurry and find it before the portal rusts away!
Found 6 poisoned darts.
Found a stone staircase leading down.
There is a stone staircase leading up here.
Waypoint 2 assigned to D:3.
1810 ||| PLANNING SEWER A gnoll comes into view.
It is wielding a +0 halberd.
Found a dagger.
You shoot a sling bullet. The sling bullet hits the gnoll.
The gnoll shouts!
The gnoll is lightly wounded. 2 gnolls come into view.
1828 ||| Stepping ~*~*~tactically~*~*~ (outnumbered).
The gnoll shouts!
You hear a shout! x2
You shoot a sling bullet. The sling bullet hits the gnoll.
The gnoll is severely wounded.
The gnoll hits you from afar with a +0 halberd!
The gnoll barely misses you.
You shoot a sling bullet. The sling bullet hits the gnoll!
You kill the gnoll!
You shoot a sling bullet.
The sling bullet closely misses the gnoll.
The gnoll hits you with a +0 club.
The gnoll hits you from afar with a +0 spear.
The gnoll completely misses you.
You shoot a sling bullet. The sling bullet hits the gnoll!
The gnoll is almost dead.
The gnoll hits you with a +0 club.
The gnoll hits you from afar with a +0 spear!
The gnoll misses you.
The gnoll hits you from afar with a +0 spear.
1834 ||| READING 2 scrolls of teleportation.
As you read the scroll of teleportation, it crumbles to dust.
You feel strangely unstable.
The gnoll hits you from afar with a +0 spear.
You die...

. .. ... ... ..
#g#### #)g@.#
####.#### #....#
#######.##
.........#
.....###.#####
##.#.........##
#.
#####..##..######
##..##.......


You could see 2 gnolls.

Vanquished Creatures
  An adder (D:2)
  2 gnolls
  4 dart slugs
  4 bats (D:2)
  3 endoplasms
  A giant cockroach (D:1)
  4 goblins
  6 hobgoblins
  4 quokkas (D:1)
  5 frilled lizards
  7 kobolds
  3 rats (D:1)
44 creatures vanquished.

Notes
Turn   | Place    | Note
-------+----------+-------------------------------------------
     0 | D:1      | qw the Minotaur Hexslinger began the quest for the Orb.
     0 | D:1      | Reached XP level 1. HP: 16/16 MP: 1/1
     0 | D:1      | 0 ||| qw: Version: 0.3-a-52-g30416fa
     0 | D:1      | 0 ||| qw: Game counter: 5159
     0 | D:1      | 0 ||| qw: Melee chars always use a shield: true
     0 | D:1      | 0 ||| qw: God list: Okawaru
     0 | D:1      | 0 ||| qw: Allow faded altars: false
     0 | D:1      | 0 ||| qw: Do Orc after clearing Dungeon:15 true
     0 | D:1      | 0 ||| qw: Do second Lair branch before Depths: true
     0 | D:1      | 0 ||| qw: Lair rune preference: random
     0 | D:1      | 0 ||| qw: Goals: Normal
     0 | D:1      | 0 ||| PLANNING D:1-11
   107 | D:1      | Reached skill level 3 in Ranged Weapons
   140 | D:1      | Reached XP level 2. HP: 23/23 MP: 2/2
   315 | D:1      | 315 ||| FLEEEEING.
   316 | D:1      | 316 ||| FLEEEEING.
   464 | D:1      | Reached XP level 3. HP: 29/29 MP: 3/3
   587 | D:1      | 587 ||| FLEEEEING.
   588 | D:1      | 588 ||| FLEEEEING.
   913 | D:1      | 913 ||| UPGRADING to +0 leather armour.
   923 | D:1      | 923 ||| DROPPING +0 robe.
   924 | D:1      | 924 ||| READING scroll labelled HYNILY QEPNA.
   925 | D:1      | 925 ||| READING scroll labelled WYIHIR RIAGGI.
   977 | D:1      | 977 ||| READING scroll labelled OSENGOF XONIAFRAUG.
   978 | D:1      | 978 ||| DROPPING scroll of poison.
  1160 | D:2      | Reached skill level 4 in Ranged Weapons
  1316 | D:2      | 1316 ||| FLEEEEING.
  1368 | D:2      | Reached XP level 4. HP: 35/36 MP: 4/4
  1530 | D:2      | Found a runed translucent door.
  1531 | D:2      | Noticed Crazy Yiuf
  1751 | D:2      | 1751 ||| READING scroll labelled SOPNAL IMUEZAO.
  1752 | D:2      | 1752 ||| READING scroll labelled RUJ GU IDWEJEU.
  1753 | D:2      | 1753 ||| READING scroll labelled LIRUIF TUITZEP.
  1754 | D:2      | 1754 ||| READING 3 scrolls labelled HOTSAPS UQAPH.
  1789 | D:2      | 1789 ||| READING scroll labelled FAYMNU XEUFUPT.
  1790 | D:2      | 1790 ||| READING 2 scrolls labelled JAIRUM FUGG.
  1791 | D:2      | 1791 ||| READING scroll of brand weapon.
  1791 | D:2      | 1791 ||| BRANDING +2 sling of draining.
  1810 | D:3      | 1810 ||| PLANNING SEWER
  1828 | D:3      | 1828 ||| Stepping ~*~*~tactically~*~*~ (outnumbered).
  1833 | D:3      | HP: 7/36 [gnoll/+0 spear (8)]
  1834 | D:3      | 1834 ||| READING 2 scrolls of teleportation.
  1834 | D:3      | Slain by a gnoll

Levels and vault maps discovered:
D:1:      onia_arrival_mini_spirals, layout_basic
D:2:      layout_loops_ring, uniq_crazy_yiuf_cottage
D:3:      layout_rooms, grunt_temple_overflow_cloverleaf,
          lemuel_coloured_pillars_altar, portal_sewer_entry_f, uniq_sigmund

Skill      XL: |  1  2  3 |
---------------+----------+-----
Ranged Weapons | 3 4 |  4.6
Fighting       | 2 |  2.2
Dodging        | |  2.1
Spellcasting   | |  1.0
Hexes          | |  2.0

Action                     |  1- 3 |  4- 6 || total
---------------------------+-------+-------++-------
   Fire: Sling             |   120 |    15 ||   135
    Use: Scroll            |     3 |     8 ||    11
 Armour: Robe              |     6 |       ||     6
         Leather armour    |     4 |     1 ||     5
  Dodge: Dodged            |    18 |     7 ||    25

Table legend:
 A = Non-vault XP
 B = Vault XP
 C = Vault XP percentage of total XP
 D = Non-vault monster count
 E = Vault monster count
 F = Vault count percentage of total count
                 A         B        C        D         E       F
            +---------+---------+-------+---------+---------+-------
      Total |     117 |       0 |   0.0 |      44 |       0 |   0.0
            +---------+---------+-------+---------+---------+-------
        D:1 |      56 |       0 |   0.0 |      26 |       0 |   0.0
        D:2 |      47 |       0 |   0.0 |      17 |       0 |   0.0
        D:3 |      14 |       0 |   0.0 |       1 |       0 |   0.0
            +---------+---------+-------+---------+---------+-------
